 Dungeon Crawl Stone Soup version 0.29-a0-418-gc0181ea820 (webtiles) character file.

Game seed: 6008307029064374694

10004 hquester the Envoy of Void (level 11, -3/84 HPs)
             Began as a Demonspawn Abyssal Knight on May 17, 2022.
             Was a High Priest of Lugonu.
             Slain by a three-headed hydra (11 damage)
             ... on level 10 of the Dungeon.
             The game lasted 00:46:01 (14634 turns).

hquester the Envoy of Void (DsAK)                  Turns: 14634, Time: 00:46:02

Health: -3/84      AC: 15    Str: 14    XL:     11   Next: 30%
Magic:  18/18      EV: 16    Int: 12    God:    Lugonu [*****.]
Gold:   499        SH:  0    Dex: 17    Spells: 20/20 levels left

rFire   . . .      SeeInvis .   D - +1 scimitar (flame)
rCold   . . .      Faith    .   (no shield)
rNeg    . . .      Spirit   .   h - +0 scale mail
rPois   .          Reflect  .   (helmet restricted)
rElec   .          Harm     .   o - +1 cloak
rCorr   +          Rampage  .   w - +0 pair of gloves
Will    +....                   (no boots)
Stlth   ..........              (no amulet)
HPRegen 0.24/turn               t - ring of willpower
MPRegen 0.32/turn               u - +4 ring of evasion

@: no status effects
A: horns 2, yellow scales 3, demonic guardian 2, magic regeneration
a: Renounce Religion, Depart the Abyss, Bend Space, Banish, Corrupt, Enter the
Abyss


You were on level 10 of the Dungeon.
You worshipped Lugonu.
Lugonu was extremely pleased with you.
You visited 1 branch of the dungeon, and saw 10 of its levels.
You visited the Abyss 1 time.

You collected 499 gold pieces.

Inventory:

Hand Weapons
 A - a +3 scimitar
 D - a +1 scimitar of flaming (weapon)
Armour
 b - a +0 leather armour
 h - a +0 scale mail (worn)
 o - a +1 cloak (worn)
 w - a +0 pair of gloves (worn)
Jewellery
 g - a ring of protection from cold
 l - a ring of resist corrosion
 t - a ring of willpower (left hand)
 u - a +4 ring of evasion (right hand)
 H - a +4 ring of protection
Wands
 m - a wand of digging (5)
 v - a wand of iceblast (13)
 C - a wand of flame (34)
Scrolls
 f - 2 scrolls of teleportation
 p - a scroll of immolation
 q - 4 scrolls of magic mapping
 x - a scroll of fear
 y - 2 scrolls of amnesia
 z - 2 scrolls of blinking
Potions
 a - a potion of resistance {unknown}
 c - a potion of might
 d - a potion of haste {unknown}
 i - a potion of heal wounds {unknown}
 j - 2 potions of attraction
 n - 2 potions of mutation
 r - 2 potions of brilliance
 s - a potion of curing
 B - 2 potions of flight
 E - a potion of cancellation {unknown}
 G - a potion of lignification {unknown}
Miscellaneous
 F - a phantom mirror


   Skills:
 + Level 7.3 Fighting
 - Level 5.4(6.2) Short Blades
 * Level 4.4(5.7) Long Blades
 + Level 6.2 Armour
 + Level 6.0 Dodging
 + Level 5.2 Spellcasting
 + Level 5.9 Summonings
 + Level 9.1 Invocations
 + Level 3.2 Evocations


You had 20 spell levels left.
You didn't know any spells.
Your spell library contained the following spells:

 Spells                   Type           Power      Damage    Failure   Level
 Summon Small Mammal      Summ           68%        N/A       6%          1
 Call Imp                 Summ           17%        N/A       10%         2
 Call Canine Familiar     Summ           17%        N/A       19%         3
 Summon Guardian Golem    Hex/Summ       10%        N/A       54%         3
 Animate Skeleton         Necr           6%         N/A       58%         1
 Apportation              Tloc           6%         N/A       58%         1
 Magic Dart               Conj           12%        1d3       58%         1
 Static Discharge         Conj/Air       3%         N/A       73%         2
 Mephitic Cloud           Conj/Pois/Air  3%         N/A       91%         3
 Stone Arrow              Conj/Erth      6%         3d7       91%         3
 Animate Armour           Summ/Erth      20%        N/A       91%         4
 Lightning Bolt           Conj/Air       1%         1d12      100%        5
 Lehudib's Crystal Spear  Conj/Erth      1%         10d2      100%        8
 Maxwell's Capacitive Co  Air            1%         ∞         100%        8


Dungeon Overview and Level Annotations

Branches:
Dungeon (10/15)            Temple (0/1) D:4            Lair (0/6) D:10
    Orc (0/2) D:10

Altars:
Dithmenos
Hepliaklqana
Kikubaaqudgha
Makhleb
Okawaru
Ru
Trog
Vehumet
Xom
Yredelemnul
Zin

Portals:
Trove: D:10 (show slimy rune of Zot)


Innate Abilities, Weirdness & Mutations

You have a pair of horns on your head.
You are completely covered in yellow scales. (AC +4, rCorr)
A demonic guardian rushes to your aid.
You regenerate magic rapidly.


Message History

A demonic guardian appears!
The four-headed hydra misses you.
The four-headed hydra bites you but does no damage.
The four-headed hydra attacks as you move away!
The four-headed hydra closely misses you.
The four-headed hydra bites you.
* * * LOW HITPOINT WARNING * * *
The four-headed hydra completely misses you.
The four-headed hydra closely misses you.
Your rust devil hits the four-headed hydra.
Your rust devil corrodes the four-headed hydra!
You feel better.
The four-headed hydra closely misses you.
The four-headed hydra bites you but does no damage. x2
The four-headed hydra closely misses you.
Your rust devil hits the four-headed hydra.
The four-headed hydra seems to be corroded for longer.
You lop one of the four-headed hydra's heads off!
The flame cauterises the wound!
You slash the three-headed hydra! You burn the three-headed hydra.
The three-headed hydra is severely wounded.
The three-headed hydra bites you but does no damage. x3
Your rust devil hits the three-headed hydra!
The three-headed hydra seems to be corroded for longer.
You barely miss the three-headed hydra.
The three-headed hydra is severely wounded.
The three-headed hydra closely misses you. x2
The three-headed hydra bites you.
* * * LOW HITPOINT WARNING * * *
Your rust devil hits the three-headed hydra.
The three-headed hydra seems to be corroded for longer.
You feel better. The three-headed hydra bites you!
* * * LOW HITPOINT WARNING * * *
The three-headed hydra bites you but does no damage. x2
Your rust devil hits the three-headed hydra.
The three-headed hydra seems to be corroded for longer.
Unknown command.
You feel better. The three-headed hydra bites you!
* * * LOW HITPOINT WARNING * * *
The three-headed hydra misses you. The three-headed hydra bites you!
You die...

####'#...........#
#.....###...###..#
#.....##.....## .##
#.....#.......# #
#.....#.......## #
#..............# #
###..............## #
#..4D.......>.....###
#...@###..........)).
#....# #.........####
#.......#.......## #
#.......#.......# #
#.......##.....## #
#.......###...#######
#....................
#....#....∩..........
########........


You could see a three-headed hydra (corroded, ally target) and a friendly rust
devil (summoned).

Vanquished Creatures
  A two-headed ogre (D:10)
  Pikel (D:8)
  A troll (D:10)
  A hornet (D:8)
  Eustachio (D:4)
  7 yaks
  Grum (D:8)
  A water moccasin (D:9)
  2 ice beasts
  2 black bears
  2 ogres
  4 centaurs
  A wolf (D:8)
  A lemure (D:8)
  2 gnoll sergeants
  A necrophage (D:6)
  2 bullfrogs (D:9)
  A scorpion (D:5)
  4 wights
  7 killer bees
  6 howler monkeys
  2 electric eels (D:9)
  3 vampire bats (D:3)
  A crimson imp (D:10)
  2 jellies
  9 orc priests
  2 gnoll shamans
  3 hounds
  Natasha (thrice) (D:4)
  3 iguanas
  9 orc wizards
  21 gnolls
  6 adders
  2 shadow imps (D:7)
  A white imp (D:8)
  4 worms
  3 fire bats (D:3)
  29 orcs
  2 spectral bats (D:3)
  9 ball pythons
  5 bat skeletons (D:3)
  4 bat zombies (D:3)
  8 endoplasms
  4 giant cockroaches
  6 goblins
  4 hobgoblins
  4 quokkas
  12 bats
  A bat simulacrum (D:3)
  4 frilled lizards
  3 kobolds (D:2)
  3 rats
221 creatures vanquished.

Vanquished Creatures (collateral kills)
  Erica (D:8)
  Joseph (D:8)
  A tengu conjurer (D:10)
  5 yaks
  2 wargs (D:10)
  2 orc warriors (D:10)
  2 wolves (D:8)
  2 bullfrogs (D:8)
  2 gnoll sergeants
  7 wights
  4 killer bees (D:8)
  2 electric eels
  A hound (D:4)
  5 orc priests
  Ijyb (D:4)
  2 orc wizards
  5 gnolls
  5 orcs
50 creatures vanquished.

Grand Total: 271 creatures vanquished

Notes
Turn   | Place    | Note
-------+----------+-------------------------------------------
     0 | Abyss:1  | hquester the Demonspawn Abyssal Knight began the quest for
                  | the Orb.
     0 | Abyss:1  | Reached XP level 1. HP: 18/18 MP: 2/2
     6 | Abyss:1  | Found a corrupted altar of Lugonu.
    52 | D:1      | Escaped the Abyss
   164 | D:1      | Reached skill level 1 in Dodging
   701 | D:1      | Gained mutation: You have a pair of small horns on your
                  | head. [demonic ancestry]
   701 | D:1      | Reached XP level 2. HP: 24/24 MP: 4/4
  1486 | D:2      | Gained mutation: You are partially covered in yellow
                  | scales. (AC +2) [demonic ancestry]
  1486 | D:2      | Reached XP level 3. HP: 29/29 MP: 5/5
  1495 | D:2      | Reached skill level 3 in Invocations
  1997 | D:2      | Found a faded altar of an unknown god.
  2607 | D:3      | Gained mutation: A weak demonic guardian rushes to your
                  | aid. [demonic ancestry]
  2607 | D:3      | Reached XP level 4. HP: 33/35 MP: 6/6
  2666 | D:3      | Reached *** piety under Lugonu
  2897 | D:3      | Found a bloodstained altar of Trog.
  3175 | D:3      | Found an ancient bone altar of Kikubaaqudgha.
  3210 | D:3      | Gained mutation: You have a pair of horns on your head.
                  | [demonic ancestry]
  3210 | D:3      | Reached XP level 5. HP: 35/42 MP: 7/7
  3416 | D:3      | Reached skill level 4 in Invocations
  3559 | D:3      | Gained mutation: A demonic guardian rushes to your aid.
                  | [demonic ancestry]
  3559 | D:3      | Reached XP level 6. HP: 47/48 MP: 9/9
  3736 | D:4      | Found a staircase to the Ecumenical Temple.
  4181 | D:4      | Found a hazy altar of Hepliaklqana.
  4241 | D:4      | Reached **** piety under Lugonu
  4242 | D:4      | Reached skill level 1 in Summonings
  4242 | D:4      | Reached XP level 7. HP: 36/55 MP: 10/10
  4351 | D:4      | Noticed Eustachio
  4366 | D:4      | Noticed Ijyb
  4371 | D:4      | Killed Eustachio
  4372 | D:4      | Reached skill level 1 in Spellcasting
  4372 | D:4      | Reached skill level 5 in Invocations
  4375 | D:4      | Killed Ijyb
  4504 | D:4      | Noticed Natasha
  4522 | D:4      | Killed Natasha
  4785 | D:4      | Noticed Natasha
  4791 | D:4      | Killed Natasha
  5152 | D:5      | Entered Level 5 of the Dungeon
  5154 | D:5      | Found a radiant altar of Vehumet.
  5180 | D:4      | Noticed Natasha
  5187 | D:4      | Killed Natasha
  5946 | D:4      | Gained mutation: You are mostly covered in yellow scales.
                  | (AC +3) [demonic ancestry]
  5946 | D:4      | Reached XP level 8. HP: 14/61 MP: 12/12
  6272 | D:5      | Reached skill level 5 in Fighting
  7006 | D:5      | Found an iron altar of Okawaru.
  7349 | D:6      | Reached skill level 6 in Invocations
  7640 | D:6      | Gained mutation: You are completely covered in yellow
                  | scales. (AC +4, rCorr) [demonic ancestry]
  7640 | D:6      | Reached XP level 9. HP: 45/68 MP: 12/14
  7650 | D:6      | Reached ***** piety under Lugonu
  7888 | D:6      | Reached skill level 7 in Invocations
  8296 | D:6      | Found a basalt altar of Yredelemnul.
  8748 | D:7      | Reached skill level 5 in Short Blades
  8748 | D:7      | Reached skill level 5 in Armour
  8784 | D:7      | Reached skill level 5 in Dodging
  9878 | D:7      | Gained mutation: You regenerate magic rapidly. [demonic
                  | ancestry]
  9878 | D:7      | Reached XP level 10. HP: 77/77 MP: 16/16
 10134 | D:8      | Noticed Grum
 10146 | D:8      | Killed Grum
 10147 | D:8      | Reached skill level 1 in Long Blades
 10155 | D:8      | Reached skill level 8 in Invocations
 10157 | D:8      | Reached skill level 1 in Evocations
 10283 | D:8      | Reached skill level 5 in Summonings
 10721 | D:8      | Found a sacrificial altar of Ru.
 10802 | D:8      | Noticed Pikel
 10819 | D:8      | Killed Pikel
 11076 | D:8      | Noticed Erica
 11093 | D:8      | Killed Erica
 11631 | D:8      | Noticed Joseph
 11638 | D:8      | Killed Joseph
 12065 | D:9      | Found a shadowy altar of Dithmenos.
 12252 | D:9      | Identified the -1 buckler of Wisdom {rN+ Stlth+}
 12622 | D:9      | Reached skill level 5 in Spellcasting
 12622 | D:9      | Reached XP level 11. HP: 84/84 MP: 18/18
 13215 | D:10     | Entered Level 10 of the Dungeon
 13603 | D:10     | Found a staircase to the Orcish Mines.
 13646 | D:10     | Found a burning altar of Makhleb.
 13646 | D:10     | Found a shimmering altar of Xom.
 13666 | D:10     | Reached skill level 9 in Invocations
 13706 | D:10     | Found a staircase to the Lair.
 13739 | D:10     | Noticed a two-headed ogre
 14131 | D:10     | Found a portal to a secret trove of treasure.
 14361 | D:10     | Killed a two-headed ogre
 14367 | D:10     | Noticed a seven-headed hydra
 14634 | D:10     | Slain by a three-headed hydra

Illustrated notes

Levels and vault maps discovered:
D:1:      heliophobic_arrival_glass_houses, layout_loops_ring, minmay_tripent
D:2:      layout_loops_ring, dreamdust_ecumenical_altar_hidden_monk_grotto
D:3:      layout_basic, trog_three_pillars_becter, kennysheep_vampire_church,
          goddamned_bats
D:4:      layout_cave_pools, nicolae_hepliaklqana_hazy_memory,
          minmay_temple_entry_proselytizer, minmay_pentomino_pile, uniq_natasha,
          uniq_ijyb, uniq_eustachio
D:5:      nicolae_cairo_tiling, layout_basic, kennysheep_okawaru_gauntlet,
          nicolae_vehumet_radiance
D:6:      nicolae_BIG_FREAKIN_CUBE, layout_cave_pools, kennysheep_little_box,
          minmay_crystal_room
D:7:      layout_loops_corners
D:8:      layout_loops_ring, nicolae_ru_awakened_eye, water_boxes_lemuel,
          uniq_joseph, uniq_erica, uniq_pikel, uniq_grum
D:9:      layout_basic, nicolae_dithmenos_shadow_blocks, minivault_26, eino_jars
D:10:     layout_basic, grunt_temple_overflow_champion_of_chaos, zin_academy,
          erik_lair_orcish_takeover, orc_0_dummy, enter_trove_0

Skill      XL: |  1  2  3  4  5  6  7  8  9 10 11 |
---------------+----------------------------------+-----
Dodging        | 1 2 3 4 5 6 |  6.0
Short Blades   | 2 3 4 5 |  5.4
Armour         | 2 3 4 5 6 |  6.2
Invocations    | 3 4 5 6 7 8 9 |  9.1
Fighting       | 4 5 6 7 |  7.3
Summonings     | 1 2 3 4 5 |  5.9
Spellcasting   | 1 3 4 5 |  5.2
Long Blades    | 3 4 |  4.4
Evocations     | 2 3 |  3.2

Action                   |  1- 3 |  4- 6 |  7- 9 | 10-12 || total
-------------------------+-------+-------+-------+-------++-------
Melee: Short sword       |   142 |   171 |   432 |       ||   745
       Punch             |     2 |       |     7 |     4 ||    13
       Headbutt          |    19 |    33 |   113 |    63 ||   228
       Scimitar          |       |       |     8 |   302 ||   310
Invok: Bend Space        |       |       |     1 |       ||     1
  Use: Scroll            |       |     7 |     4 |     7 ||    18
       Potion            |       |       |       |     7 ||     7
 Stab: Distracted        |       |       |     1 |     1 ||     2
Armor: Leather armour    |    10 |       |       |       ||    10
       Scale mail        |    35 |   167 |   166 |   150 ||   518
Dodge: Dodged            |    65 |   143 |   247 |   376 ||   831

Table legend: (Time is in decaauts)
 A = Elapsed time spent in this place.
 B = Non-inter-level travel time spent in this place.
 C = Inter-level travel time spent in this place.
 D = Time resting spent in this place.
 E = Time spent auto-exploring this place.
 F = Levels seen in this place.
 G = Mean time per level.
                   A        B        C        D        E       F      G
               +--------+--------+--------+--------+--------+-----+--------+
         Total |  14658 |  14434 |    224 |   3816 |   7998 |  11 | 1332.5 |
       Dungeon |  14606 |  14382 |    224 |   3816 |   7954 |  10 | 1460.6 |
         Abyss |     52 |     52 |      0 |      0 |     43 |   1 |   52.0 |
               +--------+--------+--------+--------+--------+-----+--------+

Top non-repeatable levels by time:
     D:4: 2299 daAuts
     D:8: 2046 daAuts
     D:9: 1704 daAuts
     D:7: 1638 daAuts
     D:3: 1435 daAuts
     D:5: 1337 daAuts
     D:2: 1309 daAuts
     D:1: 1049 daAuts
    D:10: 906 daAuts
     D:6: 881 daAuts
 Abyss:1: 52 daAuts
